 Dungeon Crawl Stone Soup version 0.27.0-1-g7a089689b8 (webtiles) character file.

Game seed: 11417715813840870384

17626 Gunterle the Fighter (level 12, -14/94 HPs)
             Began as a Djinni Delver on Aug 5, 2021.
             Was an Elder of the Shining One.
             Demolished by Donald (34 damage)
             ... while paralysed by an orc sorcerer
             ... on level 2 of the Orcish Mines on Aug 6, 2021.
             The game lasted 01:24:00 (20969 turns).

Gunterle the Fighter (Djinni Delver)               Turns: 20969, Time: 01:24:01

Health: -14/94     AC: 10    Str: 18    XL:     12   Next: 85%
Gold:   672        EV:  2    Int: 16    God:    the Shining One [****..] SH:  0 Dex: 15

rFire    + + .     SeeInvis .   G - +0 great sword
rCold    . . .     Faith    .   (shield currently unavailable)
rNeg     + + .     Spirit   .   I - +2 leather armour {rC+}
rPois    ∞         Reflect  +   (no helmet)
rElec    .         Harm     .   (no cloak)
rCorr    .         Rampage  .   J - +0 pair of gloves
Will     +....                  (boots unavailable)
Stlth    +.........             b - amulet of reflection
HPRegen  0.25/turn              y - +4 ring of protection
MPRegen  0.00/turn              T - +6 ring of strength

@: paralysed, flying, glowing
A: sickness immunity, fire resistance 2, cold vulnerability 1, float, innate
caster, hp casting, extra vitality 1
a: Renounce Religion, Divine Shield, Cleansing Flame


You were on level 2 of the Orcish Mines.
You worshipped the Shining One.
The Shining One was greatly pleased with you.
You visited 3 branches of the dungeon, and saw 15 of its levels.

You collected 1260 gold pieces.
You spent 588 gold pieces at shops.

Inventory:

Hand Weapons
 f - a +0 short sword of holy wrath
 j - a +0 short sword of flaming
 r - a +4 halberd
 s - a +3 dagger
 w - a +2 hand crossbow of freezing
 G - a +0 great sword (weapon)
 S - the +6 rapier of Wu Jian's Fury {speed, rF- rN++ Int+4}
   (You found it on level 9 of the Dungeon)

   Attacks with this weapon are significantly faster.
   Int:       It affects your intelligence (+4).
   rF:        It makes you vulnerable to fire.
   rN:        It greatly protects you from negative energy.
Missiles
 h - 287 stones
 n - 35 poisoned darts (quivered)
 t - 6 javelins
 x - 83 bolts
 H - 26 boomerangs
Armour
 e - a +2 robe of willpower
 I - a +2 leather armour of cold resistance (worn)
 J - a +0 pair of gloves (worn)
 N - +0 steam dragon scales
 O - a +2 robe of fire resistance
 V - a +2 robe of the Archmagi
Magical Staves
 m - a staff of earth
Jewellery
 b - an amulet of reflection (around neck)
 i - an amulet of faith
 y - a +4 ring of protection (left hand)
 T - a +6 ring of strength (right hand)
Wands
 a - a wand of polymorph (10)
 g - a wand of digging (2)
 C - a wand of flame (21)
 K - a wand of paralysis (7)
 R - a wand of charming (20)
Scrolls
 c - a scroll of fog
 d - 2 scrolls of magic mapping
 l - a scroll of holy word {unknown}
 o - a scroll of enchant armour {unknown}
 p - a scroll of vulnerability
 q - a scroll of summoning {unknown}
 z - 2 scrolls of enchant weapon
 A - a scroll of teleportation {unknown}
 L - a scroll of immolation {unknown}
 P - 2 scrolls of blinking
 U - a scroll of amnesia {unknown}
Potions
 k - 2 potions of flight {unknown}
 u - 2 potions of curing
 v - 3 potions of invisibility
 B - a potion of brilliance {unknown}
 D - a potion of resistance {unknown}
 E - a potion of lignification {unknown}
 F - a potion of ambrosia {unknown}
 M - 2 potions of cancellation {unknown}


   Skills:
 * Level 11.6 Fighting
 * Level 10.6 Long Blades
 - Level 4.0 Armour
 + Level 7.8 Dodging
 - Level 4.2 Stealth
 * Level 7.2 Spellcasting


You had 10 spell levels left.
You knew the following spells:

 Your Spells              Type           Power      Damage    Failure   Level
a - Pain                  Necr           100%       1d9       1%          1
b - Searing Ray           Conj           58%        3d5       1%          2
c - Confusing Touch       Hex            29%        N/A       2%          3
d - Leda's Liquefaction   Hex/Erth       14%        N/A       8%          4
e - Freezing Cloud        Conj/Ice/Air   14%        6-21      21%         5
Your spell library was empty.

Dungeon Overview and Level Annotations

Branches:
Dungeon (12/15)            Temple (1/1) D:5            Lair (0/6) D:9
    Orc (2/2) D:11
    Elf: Orc:2

Altars:
Ashenzari
Cheibriados
Dithmenos
Elyvilon
Fedhas
Gozag
Hepliaklqana
Kikubaaqudgha
Makhleb
Nemelex Xobeh
Okawaru
Qazlal
Ru
Sif Muna
Trog
Uskayaw
Vehumet
Wu Jian
Xom
Yredelemnul
Zin
The Shining One
Beogh

Shops:
Orc:1 !   Orc:2 (=[?

Portals:
Trove: D:11 (give +6 demon blade)

Annotations:
D:10 exclusions: electric eel and 2 more exclusions, Harold
Orc:1 2 transporters, Tinen's ghost, journeyman TrMo
Orc:2 Donald


Innate Abilities, Weirdness & Mutations

You are immune to sickness and miasma.
You are immune to poison.
Your flesh is very heat resistant. (rF++)
You are vulnerable to cold. (rC-)
You float through the air rather than walking.
You learn spells naturally, not from books.
Your magical power is your life essence.
You have superior vitality. (+4 HP)


Message History

n - 32 poisoned darts (gained 1)
n - 33 poisoned darts (gained 1)
n - 34 poisoned darts (gained 1)
n - 35 poisoned darts (gained 1) Donald the Adventurer comes into view.
He is wielding a +0 scimitar of holy wrath and wearing a +0 kite shield of reflection.
Donald shouts!
Donald says, "I'll never be able to carry all this gold!
I hate that."
Donald mumbles some strange words.
Donald seems to speed up.
As you read the scroll of fog, it crumbles to dust.
The scroll dissolves into smoke.
Okay, then.
As you read the scroll of fear, it crumbles to dust.
You assume a fearsome visage.
Donald looks frightened!
Unknown command.
Donald supplicates, "Please!
I have a lot of children!"
Items here: )) [ ÷.
Things that are here:
a +0 whip; a +0 ring mail; an orc skeleton Donald gestures wildly while chanting.
Donald seems to grow stronger.
An orc sorcerer comes into view.
It is wielding a +0 dagger and wearing a +2 robe of the Archmagi.
Donald says, "At least there's gold.
That doesn't make up for it."
Donald says, "Orcs complain a lot, don't they?
I hate it."
Donald hits you but does no damage.
Donald says, "These orcs are so stupid, they must've eaten the rune."
Donald hits you with a +0 scimitar of holy wrath!
The orc sorcerer gestures at you while chanting.
You suddenly lose the ability to move!
Donald hits you with a +0 scimitar of holy wrath!
Donald hits you but does no damage.
Donald hits you with a +0 scimitar of holy wrath!
The orc sorcerer points at you and mumbles some strange words.
You resist with some effort.
Donald hits you with a +0 scimitar of holy wrath!!!
* * * LOW HITPOINT WARNING * * *
The orc sorcerer hits you with a +0 dagger.
* * * LOW HITPOINT WARNING * * *
Donald hits you with a +0 scimitar of holy wrath!!
You die...

...#.. ......#.....#..#....#.[...
...#.# #.# #.###'###..#....#[[...
'###.# #.# #..........##'###.[...
.....# #.# #..8...8.....)))......
'##..###.###..........##)###.....
..#..)))..............#....#.....
..#.)#######.###.###..#....#.....
..#..# #.# #.# #..#...∩#.....
###..#######.###@###..######.....
.).............@.o...............
.............................)...
########################.........
##........ ###...... ## ###.)..
##. ### ####..... #.. #.####
###.#......


You could see Donald (fast, strong) and an orc sorcerer.

Vanquished Creatures
  A hydra (D:11)
  A two-headed ogre (D:12)
  An orc knight (Orc:1)
  A deep elf pyromancer (D:12)
  An ugly thing (D:11)
  10 orc sorcerers
  2 gargoyles
  A meliai (D:11)
  6 trolls
  Sigmund (D:2)
  4 yaks
  A wraith (D:12)
  Eustachio (D:5)
  Edmund (D:5)
  4 steam dragons
  7 wargs
  10 orc warriors
  2 water moccasins
  A hornet zombie (D:9)
  A sky beast (D:7)
  4 ogres
  5 wolves (D:9)
  3 centaurs
  2 kobold brigands
  2 bullfrogs
  A gnoll sergeant (Orc:2)
  A wyvern zombie (D:6)
  2 scorpions
  A water moccasin skeleton (D:7)
  A water moccasin zombie (D:7)
  A wyvern skeleton (D:7)
  5 killer bees
  6 electric eels
  5 wights
  A howler monkey (D:8)
  7 centaur zombies
  5 hounds
  2 jellies
  2 centaur skeletons
  A bullfrog skeleton (D:7)
  9 orc priests
  3 iguanas
  Natasha (thrice) (D:4)
  37 orc wizards
  2 hound skeletons (D:5)
  A howler monkey zombie (D:5)
  8 gnolls
  11 adders
  3 white imps
  3 ufetubi (D:5)
  3 worms (D:3)
  The ghost of dracos369 the Sneak, a weakling MfDe (D:7)
  A dart slug (D:2)
  74 orcs
  A bat (D:1)
  9 endoplasms
  4 giant cockroaches
  6 goblins
  11 hobgoblins
  4 jackals
  A quokka (D:2)
  6 ball pythons
  4 frilled lizards
  16 kobolds
  4 rats
339 creatures vanquished.

Vanquished Creatures (others)
  An orc wizard (Orc:2)
  10 plants (D:3)
11 creatures vanquished.

Grand Total: 350 creatures vanquished

Notes
Turn   | Place    | Note
-------+----------+-------------------------------------------
     0 | D:5      | Gunterle the Djinni Delver began the quest for the Orb.
     0 | D:5      | Reached XP level 1. HP: 20/20 MP: 0/0
     1 | D:6      | Noticed an orc wizard
    10 | D:5      | Noticed a jelly
   209 | D:2      | Found a sacrificial altar of Ru.
   361 | D:2      | Reached skill level 1 in Armour
   361 | D:2      | Reached XP level 2. HP: 18/25 MP: 0/0
   361 | D:2      | Reached XP level 3. HP: 21/30 MP: 0/0
   361 | D:2      | Learned a level 1 spell: Pain
   889 | D:1      | Reached XP level 4. HP: 36/36 MP: 0/0
  1500 | D:2      | Noticed Sigmund
  1996 | D:2      | Reached skill level 4 in Fighting
  1996 | D:2      | Reached XP level 5. HP: 31/41 MP: 0/0
  1996 | D:2      | Learned a level 2 spell: Searing Ray
  3748 | D:3      | Noticed a shadow
  3749 | D:3      | Found a shadowy altar of Dithmenos.
  3750 | D:3      | Found a hazy altar of Hepliaklqana.
  4269 | D:4      | Reached XP level 6. HP: 38/48 MP: 0/0
  4308 | D:4      | Noticed an ogre
  4440 | D:1      | Killed an ogre
  5034 | D:4      | Noticed Natasha
  5037 | D:4      | Killed Natasha
  5140 | D:4      | Noticed Natasha
  5150 | D:4      | Killed Natasha
  5151 | D:4      | Reached skill level 5 in Fighting
  5214 | D:4      | Noticed Natasha
  5223 | D:4      | Killed Natasha
  5224 | D:4      | Reached XP level 7. HP: 54/54 MP: 0/0
  5224 | D:4      | Learned a level 3 spell: Confusing Touch
  5362 | D:5      | Found a staircase to the Ecumenical Temple.
  5368 | Temple   | Entered the Ecumenical Temple
  5592 | Temple   | Became a worshipper of the Shining One
  6021 | D:5      | Noticed Eustachio
  6069 | D:5      | Killed Eustachio
  6779 | D:5      | Noticed Edmund
  6900 | D:5      | Reached skill level 5 in Long Blades
  6900 | D:5      | Reached XP level 8. HP: 61/61 MP: 0/0
  6967 | D:5      | Reached skill level 6 in Fighting
  8172 | D:6      | Reached * piety under the Shining One
  8216 | D:6      | Reached skill level 7 in Fighting
  8720 | D:5      | Killed Edmund
  8722 | D:5      | Reached XP level 9. HP: 51/68 MP: 0/0
  8722 | D:5      | Learned a level 4 spell: Leda's Liquefaction
  8953 | D:2      | Killed Sigmund
  8954 | D:2      | Reached skill level 1 in Spellcasting
  9430 | D:7      | Found a runed translucent gate.
  9431 | D:7      | Found a runed translucent gate.
  9432 | D:7      | Found a runed translucent gate.
  9434 | D:7      | Found an opulent altar of Gozag.
  9435 | D:7      | Noticed dracos369's ghost (weakling MfDe)
  9847 | D:7      | Found a sparkling altar of Nemelex Xobeh.
  9849 | D:7      | Found an opulent altar of Gozag.
  9850 | D:7      | Found a snail-covered altar of Cheibriados.
 10590 | D:7      | Reached skill level 8 in Fighting
 10599 | D:7      | Killed dracos369's ghost
 11489 | D:8      | Reached XP level 10. HP: 62/77 MP: 0/0
 12038 | D:10     | Entered Level 10 of the Dungeon
 12038 | D:10     | Reached ** piety under the Shining One
 13156 | D:9      | Reached skill level 9 in Fighting
 13416 | D:9      | Found a basalt altar of Yredelemnul.
 13423 | D:9      | Identified the +6 rapier of Wu Jian's Fury {speed, rF- rN++
                  | Int+4}
 13561 | D:9      | Found a staircase to the Lair.
 13627 | D:9      | Reached skill level 5 in Dodging
 14480 | D:10     | Noticed Harold
 14695 | D:10     | Noticed a two-headed ogre
 14904 | D:9      | Reached XP level 11. HP: 47/84 MP: 0/0
 14904 | D:9      | Learned a level 5 spell: Freezing Cloud
 15472 | D:11     | Noticed a red ugly thing
 15481 | D:11     | Killed a red ugly thing
 15482 | D:11     | Reached skill level 5 in Spellcasting
 15505 | D:11     | Found a portal to a secret trove of treasure.
 15657 | D:11     | Reached skill level 10 in Fighting
 15751 | D:11     | Reached *** piety under the Shining One
 15828 | D:11     | Found a hide-covered altar of Uskayaw.
 16012 | D:11     | Found a staircase to the Orcish Mines.
 16208 | D:12     | Noticed a two-headed ogre
 16218 | D:12     | Killed a two-headed ogre
 16347 | D:12     | Noticed a four-headed hydra
 16385 | D:11     | Killed a four-headed hydra
 16685 | D:12     | Noticed a cyclops
 17141 | D:12     | Noticed a deep elf pyromancer
 17154 | D:12     | Killed a deep elf pyromancer
 17644 | Orc:1    | Entered Level 1 of the Orcish Mines
 17665 | Orc:1    | Noticed an orc sorcerer
 17676 | Orc:1    | Killed an orc sorcerer
 18077 | Orc:1    | Found Monluer's Distillery.
 18101 | Orc:1    | Reached XP level 12. HP: 69/93 MP: 0/0
 18120 | Orc:1    | Bought a potion of heal wounds for 70 gold pieces
 18120 | Orc:1    | Bought a potion of heal wounds for 70 gold pieces
 18255 | Orc:1    | Noticed a sixfirhy
 18260 | Orc:1    | Noticed a sixfirhy
 18273 | Orc:1    | HP: 2/93 [orc warrior (8)]
 18314 | Orc:1    | Found a bloodstained altar of Trog.
 18314 | Orc:1    | Noticed Tinen's ghost (journeyman TrMo)
 18315 | Orc:1    | Noticed a two-headed ogre
 18316 | Orc:1    | Noticed a stone giant
 18328 | Orc:1    | Noticed a two-headed ogre
 18502 | Orc:1    | Found a transporter.
 18650 | Orc:1    | HP: 1/93 [orc knight (5)]
 18651 | Orc:1    | Reached skill level 11 in Fighting
 18651 | Orc:1    | Reached skill level 10 in Long Blades
 19041 | Orc:1    | Found a transporter.
 19467 | Orc:2    | Entered Level 2 of the Orcish Mines
 19611 | Orc:2    | Reached **** piety under the Shining One
 20303 | Orc:2    | Noticed a sixfirhy
 20412 | Orc:2    | Found Ulijups's Magic Scroll Shoppe.
 20412 | Orc:2    | Found Cowup's Antique Armour Shop.
 20417 | Orc:2    | Bought a scroll of vulnerability for 120 gold pieces
 20448 | Orc:2    | Bought a scroll of blinking for 120 gold pieces
 20448 | Orc:2    | Bought a scroll of blinking for 120 gold pieces
 20448 | Orc:2    | Bought a scroll of fear for 56 gold pieces
 20448 | Orc:2    | Bought a scroll of identify for 32 gold pieces
 20512 | Orc:2    | Noticed a sun demon
 20605 | Orc:2    | Found Genk's Jewellery Shoppe.
 20605 | Orc:2    | Found Wineaqops's Antique Weapon Shop.
 20932 | Orc:2    | Noticed Donald
 20966 | Orc:2    | Paralysed by an orc sorcerer for 4 turns
 20969 | Orc:2    | Demolished by Donald

Illustrated notes

Levels and vault maps discovered:
D:1:      mrwooster_arrival_statue, layout_rooms
D:2:      layout_basic, basic_altar, minmay_pentomino_o2, uniq_sigmund
D:3:      layout_basic, riverfiend_overflow_shadow_ancestor,
          cheibrodos_sewer_entry_bend, serial_bayou_pond_c,
          minmay_curled_crystal
D:4:      layout_rooms, nicolae_ossuary_entry_monument,
          minmay_misc_feat_enclosed, uniq_natasha
D:5:      layout_basic, minmay_temple_entry_waves, grunt_decor_resistance,
          st_stairs_10, uniq_menkaure, uniq_edmund, uniq_eustachio
D:6:      layout_basic
D:7:      layout_basic, mainiacjoe_overflow_alcove_3, ebering_ghost_gozag,
          minmay_diced_spiral
D:8:      layout_basic, dk_noncrumbling_3
D:9:      layout_loops_ring, lemuel_crystal_altar, erik_lair_island
D:10:     layout_basic, nicolae_wooded_promenade, uniq_harold
D:11:     layout_loops_corners, orc_0_dummy, nicolae_trove_entry_free_sample,
          nicolae_uskayaw_dance_studio
D:12:     layout_gridville, serial_rivers, chequers_serial_rivers_large_b,
          chequers_serial_rivers_small_3, chequers_serial_rivers_room_b,
          chequers_serial_rivers_room_b, chequers_serial_rivers_micro_a,
          uniq_gastronok, uniq_maurice
Temple:   regret_index_temple_generic_petals
Orc:1:    layout_caves, gammafunk_ghost_wrathful_warriors, serial_shops,
          nicolae_shop_temple_entry_statues_fountains, enter_bailey_7
Orc:2:    st_orc_town, layout_diamond_mine, basic_altar, uniq_donald

Skill      XL: |  1  2  3  4  5  6  7  8  9 10 11 12 |
---------------+-------------------------------------+-----
Long Blades    | 2 3 4 5 6 7 8 9 10 | 10.6
Armour         | 1 2 3 4 |  4.0
Fighting       | 4 5 7 8 9 10 11 | 11.6
Spellcasting   | 3 4 6 7 |  7.2
Dodging        | 4 5 6 7 |  7.8
Stealth        | |  4.2

Action                   |  1- 3 |  4- 6 |  7- 9 | 10-12 || total
-------------------------+-------+-------+-------+-------++-------
Melee: Falchion          |    55 |   204 |    70 |       ||   329
       Great sword       |       |       |   187 |   522 ||   709
       Rapier            |       |       |       |    42 ||    42
Throw: Stone             |    49 |    55 |       |       ||   104
       Dart              |       |    64 |    67 |    57 ||   188
       Boomerang         |       |       |     3 |    15 ||    18
       Javelin           |       |       |       |     7 ||     7
 Cast: Confusing Touch   |       |       |       |     6 ||     6
Evoke: Wand              |       |       |       |     6 ||     6
  Use: Potion            |     1 |       |       |    11 ||    12
       Scroll            |       |     3 |     4 |     8 ||    15
 Stab: Sleeping          |       |     5 |       |       ||     5
Armor: Leather armour    |    13 |    37 |   110 |   224 ||   384
Dodge: Dodged            |    40 |   129 |   200 |   451 ||   820
Block: Other             |       |       |    50 |   139 ||   189
       Reflection        |       |       |     4 |     5 ||     9
       Rpst.: Falchion   |     7 |    41 |    21 |       ||    69
       Great sword       |       |       |    39 |   122 ||   161
